 Dungeon Crawl Stone Soup version 0.29-a0-553-g81b289dbe5 (webtiles) character file.

Game seed: 12727465365388331544

63 fishbones the Grave Robber (level 3, 0/24 HPs)
             Began as a Demonspawn Necromancer on June 7, 2022.
             Slain by Sigmund
             ... wielding a +0 scythe
              (10 damage)
             ... on level 2 of the Dungeon.
             The game lasted 00:09:53 (1565 turns).

fishbones the Grave Robber (Demonspawn Necromancer) Turns: 1565, Time: 00:09:53

Health: 0/24       AC:  2    Str:  8    XL:     3   Next: 89%
Magic:  5/6        EV: 12    Int: 18    God:
Gold:   96         SH:  0    Dex: 13    Spells: 3/7 levels left

rFire   . . .      SeeInvis .   h - +2 long sword (flame)
rCold   . . .      Faith    .   (no shield)
rNeg    . . .      Spirit   .   a - +0 robe
rPois   .          Reflect  .   (no helmet)
rElec   .          Harm     .   (no cloak)
rCorr   .          Rampage  .   (no gloves)
Will    .....                   (no boots)
Stlth   ++........              (no amulet)
HPRegen 0.08/turn               (no ring)
MPRegen 0.10/turn               (no ring)

@: weak-willed
A: ignite blood 1, spiny 1
a: no special abilities


You were on level 2 of the Dungeon.
You visited 1 branch of the dungeon, and saw 2 of its levels.

You collected 96 gold pieces.

Inventory:

Hand Weapons
 f - a +0 dagger
 h - a +2 long sword of flaming (weapon)
 j - a +3 mace of protection
Armour
 a - a +0 robe (worn)
Scrolls
 c - a scroll of identify {unknown}
 e - a scroll of enchant weapon
 g - a scroll of vulnerability
 k - a scroll of blinking {unknown}
 l - a scroll of fear {unknown}
 m - a scroll of torment {unknown}
Potions
 b - a potion of magic
 d - 2 potions of brilliance {unknown}
 i - a potion of curing {unknown}


   Skills:
 + Level 0.1 Fighting
 + Level 1.9 Dodging
 + Level 1.8 Stealth
 + Level 2.5 Spellcasting
 + Level 5.6 Necromancy


You had 3 spell levels left.
You knew the following spells:

 Your Spells              Type           Power      Damage    Failure   Level
a - Necrotize             Necr           88%        1d8       1%          1
b - Vampiric Draining     Necr           22%        2d7       4%          3

Your spell library contained the following spells:

 Spells                   Type           Power      Damage    Failure   Level
 Beastly Appendage        Tmut           4%         N/A       17%         1
 Wereblood                Tmut           2%         N/A       26%         2
 Spider Form              Tmut/Pois      2%         N/A       45%         3
 Animate Dead             Necr           22%        N/A       17%         4
 Agony                    Necr           22%        N/A       43%         5


Dungeon Overview and Level Annotations

Branches:
Dungeon (2/15)

Altars:

Annotations:
D:2 Sigmund


Innate Abilities, Weirdness & Mutations

Your demonic aura sometimes causes spilled blood to erupt in flames.
You are partially covered in sharp spines.


Message History

Your hobgoblin skeleton crumbles into dust!
Sigmund the Dreaded comes into view.
He is wielding a +0 scythe.
Sigmund shouts!
Casting: Necrotize (safe; 1% risk of failure)
Confirm with . or Enter, or press ? or * to list all spells.
Aiming: Necrotize (safe; 1% risk of failure)
Press: ? - help, Shift-Dir - straight line, f - Sigmund
Aim: Sigmund, wielding a +0 scythe and wearing a +2 robe (chance to affect: 86%) Sigmund barely resists.
Sigmund barely misses you.
Casting: Necrotize (safe; 1% risk of failure)
Confirm with . or Enter, or press ? or * to list all spells.
Aiming: Necrotize (safe; 1% risk of failure)
Press: ? - help, Shift-Dir - straight line, f/p - Sigmund
Aim: Sigmund, wielding a +0 scythe and wearing a +2 robe (chance to affect: 86%) Sigmund writhes in agony.
Sigmund casts a spell.
Sigmund flickers and vanishes!
Deactivating autopickup; reactivate with Ctrl-A.
Okay, then.
As you read the scroll labelled ZIEFFAFARENN, it crumbles to dust.
It is a scroll of enchant weapon.
Your +1 long sword of flaming glows red for a moment.
Okay, then.
As you read the scroll labelled GIQUOROURCH, it crumbles to dust.
Magic quickly surges around you.
It was a scroll of vulnerability.
A magic dart appears from out of thin air!
The magic dart hits you!
Casting: Necrotize (safe; 1% risk of failure)
Confirm with . or Enter, or press ? or * to list all spells.
You can't see any susceptible monsters within range! (Use Z to cast anyway.)
Casting: Necrotize (safe; 1% risk of failure)
Confirm with . or Enter, or press ? or * to list all spells.
The spell is quite dangerous to miscast (4% risk of failure)!
Continue anyway?
Aiming: Vampiric Draining (quite dangerous; 4% risk of failure)
Press: ? - help, Shift-Dir - straight line Out of range.
Okay, then.
Something hits you. Something hits you!
You die...

# # ... ..#.### #.#
..(.... #.##.# .......
#.##.# ###.### #.##.#
#.### #.##.# #....
#.##.##################
#.#..{@..........# #
#.##.###########.######
#....# #....... #.####
######## #.# #.#
........# ...####.# ..#


There were no monsters in sight!

Vanquished Creatures
  Terence (D:2)
  2 adders (D:2)
  2 ball pythons (D:2)
  4 bats
  3 endoplasms (D:1)
  A goblin (D:1)
  4 hobgoblins
  3 kobolds (D:1)
  3 rats (D:1)
23 creatures vanquished.

Notes
Turn   | Place    | Note
-------+----------+-------------------------------------------
     0 | D:1      | fishbones the Demonspawn Necromancer began the quest for
                  | the Orb.
     0 | D:1      | Reached XP level 1. HP: 13/13 MP: 3/3
   405 | D:1      | Found a faded altar of an unknown god.
   596 | D:1      | Gained mutation: You are partially covered in sharp spines.
                  | [demonic ancestry]
   596 | D:1      | Reached XP level 2. HP: 19/19 MP: 3/5
   804 | D:1      | Reached skill level 5 in Necromancy
  1276 | D:2      | Gained mutation: Your demonic aura sometimes causes spilled
                  | blood to erupt in flames. [demonic ancestry]
  1276 | D:2      | Reached XP level 3. HP: 24/24 MP: 3/6
  1374 | D:2      | Noticed Terence
  1382 | D:2      | Learned a level 3 spell: Vampiric Draining
  1390 | D:2      | Killed Terence
  1550 | D:2      | Noticed Sigmund
  1565 | D:2      | Slain by Sigmund

Illustrated notes

Levels and vault maps discovered:
D:1:      ncdulo_halloftheorcs, layout_loops_ring, basic_ecumenical_altar,
          eino_curves_01
D:2:      layout_loops_ring, minmay_fountain_box, dreamdust_wishing_well,
          minmay_misc_feat_room, uniq_terence, uniq_sigmund

Skill      XL: |  1  2 |
---------------+-------+-----
Necromancy     | 5 |  5.6
Fighting       | |  0.1
Dodging        | |  1.9
Stealth        | |  1.8
Spellcasting   | |  2.5

Action                   || total
-------------------------++-------
Melee: Unarmed           ||     4
       Long sword        ||     8
 Cast: Necrotize         ||    33
       Vampiric Draining ||     1
  Use: Scroll            ||     2
Armor: Robe              ||     4
Dodge: Dodged            ||    10

Table legend: (Time is in decaauts)
 A = Elapsed time spent in this place.
 B = Non-inter-level travel time spent in this place.
 C = Inter-level travel time spent in this place.
 D = Time resting spent in this place.
 E = Time spent auto-exploring this place.
 F = Levels seen in this place.
 G = Mean time per level.
                   A        B        C        D        E       F      G
               +--------+--------+--------+--------+--------+-----+--------+
         Total |   1567 |   1518 |     49 |    279 |   1029 |   2 |  783.5 |
       Dungeon |   1567 |   1518 |     49 |    279 |   1029 |   2 |  783.5 |
               +--------+--------+--------+--------+--------+-----+--------+

Top non-repeatable levels by time:
     D:1: 1136 daAuts
     D:2: 431 daAuts
